 Dungeon Crawl Stone Soup version 0.21.1 (webtiles) character file.

65 Stimme the Sneak (level 3, 0/16 HPs)
             Began as a Spriggan Enchanter on Feb 3, 2018.
             Slain by a gnoll
             ... wielding a +0 halberd
              (10 damage)
             ... on level 2 of the Dungeon.
             The game lasted 00:09:11 (1523 turns).

Stimme the Sneak (Spriggan Enchanter)               Turns: 1523, Time: 00:09:11

Health: 0/16       AC:  2    Str:  5    XL:     3   Next: 94%
Magic:  8/8        EV: 18    Int: 16    God:
Gold:   98         SH:  0    Dex: 16    Spells: 6/7 levels left

rFire    . . .     SeeInvis +   a - +1 dagger
rCold    . . .     Gourm    .   (shield restricted)
rNeg     . . .     Faith    .   b - +0 robe
rPois    .         Spirit   .   (helmet restricted)
rElec    .         Reflect  .   (no cloak)
rCorr    .         Harm     .   (gloves unavailable)
MR       .....                  (boots unavailable)
Stlth    +++.......             (no amulet)
HPRegen  0.05/turn              (no ring)
MPRegen  0.11/turn              (no ring)

@: very quick
A: very small, unfitting armour, see invisible, herbivore, speed 3, slow
metabolism 2
a: no special abilities


You were on level 2 of the Dungeon.
You were not hungry.

You visited 1 branch of the dungeon, and saw 2 of its levels.

You collected 98 gold pieces.

Inventory:

Hand Weapons
 a - a +1 dagger (weapon)
Armour
 b - a +0 robe (worn)
Wands
 k - a wand of enslavement (6)
Scrolls
 e - 4 scrolls of identify
 f - a scroll of remove curse {unknown}
 g - a scroll of amnesia {unknown}
 h - 3 scrolls of teleportation {unknown}
 j - a scroll of enchant armour {unknown}
Potions
 i - a potion of curing {unknown}
Books
 c - a book of Maledictions

   Spells                             Type                      Level
   a - Corona                         Hexes                        1
   b - Ensorcelled Hibernation        Hexes/Ice                    2
   c - Confuse                        Hexes                        3
   d - Tukima's Dance                 Hexes                        3
   e - Dazzling Spray                 Conjuration/Hexes            3
Comestibles
 d - 4 rations


   Skills:
 * Level 2.9 Short Blades
 - Level 3.1 Dodging
 * Level 5.9 Stealth
 - Level 2.8 Spellcasting
 - Level 3.7 Hexes


You had 6 spell levels left.
You knew the following spells:

 Your Spells              Type           Power        Failure   Level  Hunger
a - Corona                Hex            ##.....      4%          1    #......


Dungeon Overview and Level Annotations

Branches:
Dungeon (2/15)

Altars:
Makhleb


Innate Abilities, Weirdness & Mutations

You are very small and have problems with some larger weapons.
You are too small for most types of armour.
You have supernaturally acute eyesight. (SInv)
You are a herbivore.
You cover ground extremely quickly.
You need consume almost no food.


Message History

You swap places.
The kobold throws a stone.
The stone barely misses your gnoll. The stone misses you.
Your gnoll hits the gnoll with a halberd!
The kobold throws a stone.
The stone hits your gnoll but does no damage.
You feel a bit more experienced.
The kobold is too close now for your liking.
You closely miss the kobold. You hit the kobold but do no damage.
The kobold misses you.
Your gnoll hits the kobold but does no damage.
You hit the kobold but do no damage. The kobold hits you with a whip.
Your gnoll completely misses the kobold.
You miss the kobold. The kobold hits you with a whip.
Your gnoll hits the kobold from afar with a halberd!
The kobold dies!
There is a stone staircase leading down here.
You start resting.
The gnoll is no longer charmed.
The gnoll hits you with a halberd!
Ouch! That really hurt!
You die...

#...........#
#.#########.# #.# #.....#
#### #.# #.###.# .....
###.#####.###.####.....
##.........g..........
..........####.##..<..
##.#g####.####.##.#...
.....# #.....#.#@# #.
##...###..##.#.g## ..
##.........()).## ...
..........####..# # #.#
.g.#..(........#(#. #.#
.#######..####.##(# #.## #
#### .# #..####.##.#
#..#.# #..#
g#######..........###..#.#
#.####
gg........(.(#.##........#
#.# #.


You could see a gnoll.

Vanquished Creatures
  An adder (D:2)
  A worm (D:2)
  2 dart slugs (D:1)
  A leopard gecko (D:1)
  4 bats (D:1)
  2 giant cockroaches
  4 goblins
  3 hobgoblins
  A quokka (D:2)
  3 frilled lizards
  5 kobolds
  5 rats
32 creatures vanquished.

Vanquished Creatures (collateral kills)
  3 gnolls (D:2)
  A kobold (D:2)
4 creatures vanquished.

Grand Total: 36 creatures vanquished

Notes
Turn   | Place    | Note
-------+----------+-------------------------------------------
     0 | D:1      | Stimme the Spriggan Enchanter began the quest for the Orb.
     0 | D:1      | Reached XP level 1. HP: 9/9 MP: 5/5
   153 | D:1      | Reached XP level 2. HP: 10/13 MP: 6/6
   462 | D:1      | Reached skill level 5 in Stealth
   952 | D:2      | Reached XP level 3. HP: 16/16 MP: 8/8
  1013 | D:2      | Found a burning altar of Makhleb.
  1523 | D:2      | Slain by a gnoll

Skill      XL: |  1  2 |
---------------+-------+-----
Short Blades   | 2 |  2.9
Stealth        | 5 |  5.9
Dodging        | |  3.1
Spellcasting   | |  2.8
Hexes          | |  3.7

Action                   || total
-------------------------++-------
Melee: Dagger            ||   110
Evoke: Wand              ||     4
  Use: Potion            ||     3
       Scroll            ||     1
 Stab: Sleeping          ||    13
Armor: Robe              ||     7
Dodge: Dodged            ||    69
